 Dungeon Crawl Stone Soup version 0.21.0-25-ge575cb9 (webtiles) character file.

73 ScottishVillain the Vexing (level 4, -10/51 HPs)
             Began as a Demonspawn Wanderer on Jan 26, 2018.
             Killed by divine providence
             ... invoked by an orc priest
              (12 damage)
             ... on level 3 of the Dungeon.
             The game lasted 00:08:50 (1312 turns).

ScottishVillain the Vexing (Demonspawn Wanderer)    Turns: 1312, Time: 00:08:50

Health: -10/51     AC: 29    Str: 13    XL:     4   Next: 8%
Magic:  14/14      EV:  2    Int: 10    God:
Gold:   106        SH:  0    Dex: 18    Spells: 2/3 levels left

rFire    . . .     SeeInvis .   h - +3 dagger (protect)
rCold    . . .     Gourm    .   (no shield)
rNeg     + + +     Faith    .   (armour currently unavailable)
rPois    +         Spirit   .   (helmet currently unavailable)
rElec    .         Reflect  .   (cloak currently unavailable)
rCorr    .         Harm     .   (gloves currently unavailable)
MR       .....     NoTele   +   (boots currently unavailable)
Stlth    ++++......             (no amulet)
HPRegen  0.17/turn              i - ring of magical power
MPRegen  0.14/turn              (no ring)

@: tree-form, protection aura
A: thin skeletal structure 1, nightstalker 1
a: no special abilities


You were on level 3 of the Dungeon.
You were hungry.
You were a tree.
You visited 1 branch of the dungeon, and saw 3 of its levels.

You collected 106 gold pieces.

Inventory:

Hand Weapons
 h - a +3 dagger of protection (weapon)
Missiles
 k - 52 stones (quivered)
Armour
 j - a +0 leather armour (melded)
 n - a +0 pair of boots (melded)
 r - a +0 helmet (melded)
Jewellery
 i - a ring of magical power (left branch)
Wands
 a - a wand of enslavement (15)
Scrolls
 e - a scroll of teleportation
 m - 2 scrolls of identify
 p - a scroll of remove curse
Potions
 c - 2 potions of lignification
 g - a potion of magic {unknown}
 l - a potion of haste
 o - a potion of flight
 q - a potion of curing {unknown}
Books
 b - the Disquisition on the Rocks

   Spells                             Type                      Level
   a - Sandblast                      Earth                        1
   b - Stone Arrow                    Conjuration/Earth            3
Comestibles
 f - 5 rations


   Skills:
 + Level 2.8 Fighting
 + Level 1.0 Short Blades
 + Level 0.7 Armour
 + Level 1.3 Dodging
 + Level 1.4 Stealth
   Level 3.0 Hexes
   Level 1.7 Fire Magic
 + Level 2.4 Evocations


You had 2 spell levels left.
You knew the following spells:

 Your Spells              Type           Power        Failure   Level  Hunger
a - Sandblast             Erth           #.....       36%         1    ##.....


Dungeon Overview and Level Annotations

Branches:
Dungeon (3/15)

Altars:


Innate Abilities, Weirdness & Mutations

You have a somewhat thin skeletal structure. (Dex +2, Stealth)
You are slightly more attuned to the shadows.


Message History

You hit the orc.
The orc is lightly wounded.
The orc hits you but does no damage.
You hit the orc.
The orc is moderately wounded.
The orc priest hits you but does no damage.
The orc hits you but does no damage.
You hit the orc.
You kill the orc!
The orc priest hits you but does no damage.
You cannot move.
You cannot move.
You hit the orc priest but do no damage.
The orc priest is moderately wounded.
The orc priest hits you but does no damage.
You hit the orc priest but do no damage.
The orc priest is moderately wounded.
The orc priest mumbles some strange prayers to Beogh against you.
Beogh smites you!
You die...

#.......#
####.####
#.#
####.#
#....#
#.####
#)#
#o#####
#♣.)..#
#####.#


You could see an orc priest.

Vanquished Creatures
  2 adders (D:2)
  2 worms (D:2)
  A leopard gecko (D:2)
  4 orcs (D:3)
  2 giant cockroaches (D:1)
  10 hobgoblins
  2 kobolds (D:2)
  2 quokkas (D:2)
  6 bats
  A frilled lizard (D:2)
  6 goblins
  5 rats
43 creatures vanquished.

Vanquished Creatures (others)
  4 toadstools (D:1)
4 creatures vanquished.

Grand Total: 47 creatures vanquished

Notes
Turn   | Place    | Note
-------+----------+-------------------------------------------
     0 | D:1      | ScottishVillain the Demonspawn Wanderer began the quest for the Orb.
     0 | D:1      | ScottishVillain set off with: a wand of enslavement (15), the Disquisition on the Rocks, a potion of lignification, a +0 robe, a +0 dagger, a ration
     0 | D:1      | Reached XP level 1. HP: 16/16 MP: 2/2
   255 | D:1      | Gained mutation: You have a somewhat thin skeletal structure. (Dex +2, Stealth) [demonic ancestry]
   255 | D:1      | Reached XP level 2. HP: 19/23 MP: 3/3
   724 | D:2      | Gained mutation: You are slightly more attuned to the shadows. [demonic ancestry]
   724 | D:2      | Reached XP level 3. HP: 18/28 MP: 4/4
   736 | D:2      | Reached skill level 1 in Dodging
   806 | D:2      | Identified the Disquisition on the Rocks
   808 | D:2      | Learned a level 1 spell: Sandblast
  1211 | D:2      | Reached skill level 1 in Short Blades
  1289 | D:3      | Reached XP level 4. HP: 30/34 MP: 5/5
  1307 | D:3      | HP: 2/51 [orc priest/short sword (3)]
  1312 | D:3      | Killed from afar by an orc priest

Skill      XL: |  1  2  3 |
---------------+----------+-----
Dodging        | 1 |  1.3
Short Blades   | 1 |  1.0
Fighting       | |  2.8
Armour         | |  0.7
Stealth        | |  1.4
Hexes          | |  3.0
Fire Magic     | |  1.7
Evocations     | |  2.4

Action                   |  1- 3 |  4- 6 || total
-------------------------+-------+-------++-------
Melee: Dagger            |   134 |    18 ||   152
 Cast: Sandblast         |     1 |       ||     1
  Use: Scroll            |     5 |       ||     5
       Potion            |     2 |     1 ||     3
 Stab: Sleeping          |     6 |       ||     6
  Eat: Chunk             |     1 |       ||     1
Armor: Leather armour    |    67 |     2 ||    69
       Skin              |       |    14 ||    14
Dodge: Dodged            |    71 |     5 ||    76
